 Dungeon Crawl Stone Soup version 0.26-a0-660-gc07710193c (webtiles) character file.

Game seed: 14326110409822856829

8994 rogsnak the Thaumaturge (level 11, -4/81 HPs)
             Began as a Gnoll Hedge Wizard on Oct 6, 2020.
             Was a High Priest of Sif Muna.
             Splashed by a wight's acid (11 damage)
             ... on level 10 of the Dungeon.
             The game lasted 00:45:22 (11852 turns).

rogsnak the Thaumaturge (Gnoll Hedge Wizard)       Turns: 11852, Time: 00:45:23

Health: -4/81      AC: 10    Str: 12    XL:     11   Next: 39%
Magic:  22/24      EV: 14    Int: 21    God:    Sif Muna [*****.]
Gold:   671        SH:  0    Dex: 20    Spells: 18/29 levels left

rFire    . . .     SeeInvis +   j - +0 dagger (elec)
rCold    . . .     Faith    +   (no shield)
rNeg     . . .     Spirit   .   d - +6 scale mail "Jeil" {+Fly Slay+3}
rPois    .         Reflect  .   c - +0 hat
rElec    .         Harm     .   m - +0 cloak
rCorr    .         Rampage  .   O - +0 pair of gloves
MR       .....                  F - +1 pair of boots {Fly}
Stlth    +++.......             C - amulet of faith
HPRegen  0.23/turn              R - +6 ring of dexterity
MPRegen  0.19/turn              f - ring of see invisible

@: corroded, flying, lightly drained
A: distributed training, fangs 1, strong nose
a: Channel Magic, Forget Spell, Divine Exegesis, Renounce Religion, Stop Flying


You were on level 10 of the Dungeon.
You worshipped Sif Muna.
Sif Muna was extremely pleased with you.
You visited 2 branches of the dungeon, and saw 11 of its levels.

You collected 671 gold pieces.

Inventory:

Hand Weapons
 j - a +0 dagger of electrocution (weapon)
 J - a +1 dire flail of venom
 X - a +2 war axe of freezing
Missiles
 a - 4 silver javelins (quivered)
 i - 196 arrows
 q - 42 poisoned darts
 Z - 3 throwing nets
Armour
 c - a +0 hat (worn)
 d - the +6 scale mail "Jeil" (worn) {+Fly Slay+3}
   (You found it on level 6 of the Dungeon)

   It affects your accuracy and damage with ranged weapons and melee attacks
   (+3).
   It lets you fly.
 m - a +0 cloak (worn)
 t - a +2 buckler
 B - a +0 troll leather armour
 F - a +1 pair of boots of flying (worn)
 K - a +3 leather armour of magic resistance
 O - a +0 pair of gloves (worn)
Magical Staves
 H - an uncursed staff of fire
Jewellery
 b - an uncursed ring of protection from cold
 f - a ring of see invisible (right hand)
 C - an amulet of faith (around neck)
 R - a +6 ring of dexterity (left hand)
 T - an uncursed ring of protection from magic
Wands
 w - a wand of polymorph (7)
 E - a wand of flame (21)
 G - a wand of iceblast (19)
 I - a wand of enslavement (12)
 P - a wand of paralysis (8)
 Y - a wand of acid (11)
Scrolls
 g - a scroll of blinking {unknown}
 k - 9 scrolls of remove curse
 r - 6 scrolls of teleportation {unknown}
 u - 2 scrolls of fog
 v - a scroll of torment {unknown}
 D - a scroll of immolation
 L - a scroll of amnesia
 M - a scroll of enchant weapon
 S - 2 scrolls of fear {unknown}
 U - 2 scrolls of magic mapping {unknown}
 W - a scroll of noise {unknown}
Potions
 e - 3 potions of heal wounds {unknown}
 h - 2 potions of flight {unknown}
 l - a potion of brilliance
 n - 2 potions of curing {unknown}
 o - a potion of might
 p - 2 potions of stabbing {unknown}
 s - 2 potions of ambrosia {unknown}
 x - 2 potions of lignification {unknown}
 y - a potion of mutation {unknown}
 z - a potion of berserk rage
 A - 2 potions of resistance {unknown}
 N - a potion of cancellation
 Q - a potion of magic {unknown}
 V - 3 potions of haste


   Skills:
 + Level 6.2(6.0) Fighting
 + Level 6.2(6.0) Short Blades
 + Level 6.2(6.0) Long Blades
 + Level 6.2(6.0) Axes
 + Level 6.2(6.0) Maces & Flails
 + Level 6.2(6.0) Polearms
 + Level 6.2(6.0) Staves
 + Level 6.2(6.0) Slings
 + Level 6.2(6.0) Bows
 + Level 6.2(6.0) Crossbows
 + Level 6.2(6.0) Throwing
 + Level 6.2(6.0) Armour
 + Level 7.8(7.6) Dodging
 + Level 7.6(7.3) Stealth
 + Level 6.2(6.0) Shields
 + Level 6.2(6.0) Unarmed Combat
 + Level 9.5(9.3) Spellcasting
 + Level 5.6(5.4) Conjurations
 + Level 5.1(4.9) Hexes
 + Level 5.6(5.4) Summonings
 + Level 5.1(4.9) Necromancy
 + Level 5.6(5.4) Translocations
 + Level 5.1(4.9) Transmutations
 + Level 5.1(4.9) Fire Magic
 + Level 5.1(4.9) Ice Magic
 + Level 5.1(4.9) Air Magic
 + Level 5.1(4.9) Earth Magic
 + Level 5.1(4.9) Poison Magic
 + Level 6.8(6.6) Invocations
 + Level 6.2(6.0) Evocations


You had 18 spell levels left.
You knew the following spells:

 Your Spells              Type           Power        Failure   Level
a - Magic Dart            Conj           ####         3%          1
b - Blink                 Tloc           N/A          4%          2
c - Mephitic Cloud        Conj/Pois/Air  ####....     11%         3
d - Borgnjor's Vile Clut  Necr/Erth      ####......   73%         5

Your spell library contained the following spells:

 Spells                   Type           Power        Failure   Level
 Sandblast                Erth           ####..       4%          1
 Call Imp                 Summ           ####....     4%          2
 Passwall                 Tmut/Erth      ####....     6%          2
 Slow                     Hex            ####....     6%          2
 Conjure Flame            Conj/Fire      ####....     11%         3
 Stone Arrow              Conj/Erth      ####..       11%         3
 Shatter                  Erth           ####......   100%        9


Dungeon Overview and Level Annotations

Branches:
Dungeon (10/15)            Temple (1/1) D:6            Lair (0/6) D:9
    Orc: D:9-12

Altars:
Ashenzari
Cheibriados
Dithmenos
Elyvilon
Fedhas
Gozag
Hepliaklqana
Kikubaaqudgha
Makhleb
Nemelex Xobeh
Okawaru
Qazlal
Ru
Sif Muna
Trog
Uskayaw
Vehumet
Wu Jian
Xom
Yredelemnul
Zin
The Shining One

Shops:
D:6 [([}


Innate Abilities, Weirdness & Mutations

Your experience applies equally to all skills.
You have very sharp teeth.
Your uncanny sense of smell can sniff out nearby items.


Message History

The wight is almost destroyed.
The wight hits you but does no damage.
You hit the wight but do no damage.
The wight is almost destroyed.
You hit the wight.
You destroy the wight!
Sif Muna accepts your kill.
Unknown command.
The wight zaps a wand.
The bolt of acid hits you!
You are splashed with acid!
The wight zaps a wand.
The bolt of acid hits you! The acid corrodes you!
You are splashed with acid!
* * * LOW HITPOINT WARNING * * *
Press: ? - help, v - describe, . - travel
Here: a wight, wielding a +0 long sword and wearing a +0 robe The floor.
A worker ant comes into view.
The wight zaps a wand.
The bolt of acid hits you!
* * * LOW HITPOINT WARNING * * *
The acid corrodes you!
You are splashed with acid!
You die...

#.....#..#...z......
#..##..##..##.......
#..##..##z.##.......
#....B#..#....#....#
#....#....#.........
#...#..##z.#...#....
#..#...##...#..#....## .
..B#.(..zz....### ..#..
....#....###@.#.#####....#
.............##.##........
...........).[)..)....)...
........##..#<#..........
.###.......#######.......
#........ .......
...####.... ....... # ....
#..... ....... .# ...
......# ....... ..


You could see 3 wights.

Vanquished Creatures
  Harold (D:8)
  2 two-headed ogres
  2 trolls
  A meliai zombie (D:9)
  8 yaks
  Edmund (D:5)
  A water moccasin (D:7)
  4 ice beasts
  4 orc warriors
  3 sky beasts
  A hornet zombie (D:9)
  3 black bears
  3 phantoms
  3 ogres
  7 centaurs
  3 bullfrogs
  17 killer bees
  3 scorpions
  A wight (D:10)
  2 howler monkeys
  A centaur zombie (D:8)
  2 quasits
  9 hounds
  A bullfrog skeleton (D:8)
  A gnoll shaman (D:6)
  3 orc priests
  6 jellies
  9 orc wizards
  7 iguanas
  6 worker ants
  9 gnolls
  2 worker ant zombies
  7 adders
  2 shadow imps
  2 white imps
  4 ufetubi
  2 adder skeletons
  An adder zombie (D:9)
  3 worms
  5 leopard geckos
  44 orcs
  A ball python (D:3)
  2 giant cockroaches (D:5)
  5 goblins
  11 hobgoblins
  14 jackals
  7 kobolds
  5 quokkas
  5 bats
  3 frilled lizards
  A jackal skeleton (D:5)
  A leopard gecko skeleton (D:6)
  2 quokka zombies
  6 rats
259 creatures vanquished.

Vanquished Creatures (collateral kills)
  A killer bee (D:7)
1 creature vanquished.

Grand Total: 260 creatures vanquished

Notes
Turn   | Place    | Note
-------+----------+-------------------------------------------
     0 | D:1      | rogsnak the Gnoll Hedge Wizard began the quest for the Orb.
     0 | D:1      | Reached XP level 1. HP: 13/13 MP: 8/8
   180 | D:1      | Reached XP level 2. HP: 19/19 MP: 0/10
   913 | D:1      | Reached XP level 3. HP: 25/25 MP: 4/11
  1287 | D:2      | Reached skill level 1 in Invocations
  1337 | D:2      | Learned a level 2 spell: Blink
  1341 | D:2      | Learned a level 3 spell: Mephitic Cloud
  1839 | D:2      | Reached skill level 1 in Fighting
  1839 | D:2      | Reached skill level 1 in Short Blades
  1839 | D:2      | Reached skill level 1 in Long Blades
  1839 | D:2      | Reached skill level 1 in Axes
  1839 | D:2      | Reached skill level 1 in Maces & Flails
  1839 | D:2      | Reached skill level 1 in Polearms
  1839 | D:2      | Reached skill level 1 in Staves
  1839 | D:2      | Reached skill level 1 in Slings
  1839 | D:2      | Reached skill level 1 in Bows
  1839 | D:2      | Reached skill level 1 in Crossbows
  1839 | D:2      | Reached skill level 1 in Throwing
  1839 | D:2      | Reached skill level 1 in Armour
  1839 | D:2      | Reached skill level 1 in Shields
  1839 | D:2      | Reached skill level 1 in Unarmed Combat
  1839 | D:2      | Reached skill level 1 in Evocations
  1839 | D:2      | Reached XP level 4. HP: 32/32 MP: 8/13
  2345 | D:2      | Found a radiant altar of Vehumet.
  2640 | D:3      | Reached skill level 1 in Hexes
  2640 | D:3      | Reached skill level 1 in Necromancy
  2640 | D:3      | Reached skill level 1 in Transmutations
  2640 | D:3      | Reached skill level 1 in Fire Magic
  2640 | D:3      | Reached skill level 1 in Ice Magic
  2640 | D:3      | Reached skill level 1 in Air Magic
  2640 | D:3      | Reached skill level 1 in Earth Magic
  2640 | D:3      | Reached skill level 1 in Poison Magic
  2918 | D:3      | Found a snail-covered altar of Cheibriados.
  3093 | D:3      | Reached XP level 5. HP: 37/37 MP: 6/14
  3383 | D:3      | Found a white marble altar of Elyvilon.
  3383 | D:3      | Found a glowing golden altar of the Shining One.
  3384 | D:3      | Found a burning altar of Makhleb.
  3397 | D:3      | Found a broken altar of Ashenzari.
  3724 | D:4      | Noticed an ogre
  3735 | D:4      | Killed an ogre
  3735 | D:4      | Reached XP level 6. HP: 44/44 MP: 2/16
  4055 | D:4      | Reached skill level 5 in Dodging
  5247 | D:4      | Reached XP level 7. HP: 50/50 MP: 5/18
  5687 | D:5      | Entered Level 5 of the Dungeon
  6044 | D:5      | Noticed Edmund
  6196 | D:4      | Reached skill level 5 in Stealth
  6350 | D:5      | Reached XP level 8. HP: 31/57 MP: 5/19
  6359 | D:5      | Killed Edmund
  6935 | D:5      | Found an opulent altar of Gozag.
  7099 | D:6      | Found Nussoank's Weapon Boutique.
  7117 | D:6      | Reached skill level 8 in Spellcasting
  7186 | D:6      | Found a staircase to the Ecumenical Temple.
  7191 | D:6      | Got a heavily runed scale mail
  7196 | Temple   | Entered the Ecumenical Temple
  7236 | Temple   | Became a worshipper of Sif Muna the Loreminder
  7265 | D:6      | Found Tutzan's Antique Armour Shoppe.
  7613 | D:6      | Found Aluos's Armour Shop.
  7817 | D:6      | Identified Sif Muna's Grimoire of Earth
  7842 | D:6      | Reached XP level 9. HP: 56/65 MP: 21/21
  7878 | D:6      | Found Suam's Gadget Shoppe.
  8191 | D:7      | Reached * piety under Sif Muna
  8414 | D:7      | Found an iron altar of Okawaru.
  8551 | D:7      | Reached skill level 5 in Invocations
  8558 | D:7      | Reached ** piety under Sif Muna
  8612 | D:7      | Found an opulent altar of Gozag.
  8731 | D:7      | Reached XP level 10. HP: 62/73 MP: 10/22
  9009 | D:8      | Learned a level 5 spell: Borgnjor's Vile Clutch
  9124 | D:8      | Noticed Harold
  9141 | D:8      | Killed Harold
  9141 | D:8      | Reached skill level 5 in Fighting
  9141 | D:8      | Reached skill level 5 in Short Blades
  9141 | D:8      | Reached skill level 5 in Long Blades
  9141 | D:8      | Reached skill level 5 in Axes
  9141 | D:8      | Reached skill level 5 in Maces & Flails
  9141 | D:8      | Reached skill level 5 in Polearms
  9141 | D:8      | Reached skill level 5 in Staves
  9141 | D:8      | Reached skill level 5 in Slings
  9141 | D:8      | Reached skill level 5 in Bows
  9141 | D:8      | Reached skill level 5 in Crossbows
  9141 | D:8      | Reached skill level 5 in Throwing
  9141 | D:8      | Reached skill level 5 in Armour
  9141 | D:8      | Reached skill level 5 in Shields
  9141 | D:8      | Reached skill level 5 in Unarmed Combat
  9141 | D:8      | Reached skill level 5 in Evocations
  9365 | D:8      | Identified the +6 scale mail "Jeil" {+Fly Slay+3} (You
                  | found it on level 6 of the Dungeon)
  9767 | D:8      | Reached *** piety under Sif Muna
 10015 | D:8      | Reached skill level 9 in Spellcasting
 10173 | D:9      | Reached skill level 5 in Conjurations
 10173 | D:9      | Reached skill level 5 in Summonings
 10173 | D:9      | Reached skill level 5 in Translocations
 10601 | D:9      | Found an iron altar of Okawaru.
 10601 | D:9      | Found a bloodstained altar of Trog.
 10852 | D:9      | Found a shimmering altar of Xom.
 10852 | D:9      | Found a sparkling altar of Nemelex Xobeh.
 10855 | D:9      | Found a stormy altar of Qazlal.
 10855 | D:9      | Found a hazy altar of Hepliaklqana.
 11005 | D:9      | Found a staircase to the Lair.
 11172 | D:10     | Entered Level 10 of the Dungeon
 11200 | D:10     | Noticed a two-headed ogre
 11214 | D:9      | Killed a two-headed ogre
 11214 | D:9      | Reached **** piety under Sif Muna
 11214 | D:9      | Reached XP level 11. HP: 58/81 MP: 17/24
 11479 | D:9      | Reached skill level 5 in Hexes
 11479 | D:9      | Reached skill level 5 in Necromancy
 11479 | D:9      | Reached skill level 5 in Transmutations
 11479 | D:9      | Reached skill level 5 in Fire Magic
 11479 | D:9      | Reached skill level 5 in Ice Magic
 11479 | D:9      | Reached skill level 5 in Air Magic
 11479 | D:9      | Reached skill level 5 in Earth Magic
 11479 | D:9      | Reached skill level 5 in Poison Magic
 11678 | D:10     | Noticed a two-headed ogre
 11691 | D:10     | Killed a two-headed ogre
 11691 | D:10     | Reached ***** piety under Sif Muna
 11852 | D:10     | Splashed by a wight's acid

Illustrated notes

Levels and vault maps discovered:
D:1:      evilmike_arrival_crescent, layout_basic
D:2:      layout_loops_corners, lemuel_round_altar
D:3:      layout_basic, nicolae_overflow_quartered_altars,
          nicolae_overflow_crystal_walls
D:4:      layout_cave_pools, kennysheep_pointless_box, dk_rats_in_the_wall
D:5:      black_bear_nest_1, layout_cave_pools, grunt_gozag_statues, uniq_edmund
D:6:      layout_basic, minmay_temple_entry_statues_fountains, serial_shops,
          nicolae_shop_statue_plus, shop, shop_statue, shop,
          columned_hall_lemuel
D:7:      layout_rooms, lemuel_crystal_altar, okawaru_trees_1
D:8:      layout_gridville, uniq_harold
D:9:      layout_loops_cross, grunt_temple_overflow_bloody_war,
          grunt_temple_overflow_open
D:10:     layout_cave_pools, orc_david_3, serial_shops,
          nicolae_shop_behind_doors, minivault_26
Temple:   jpeg_temple_island

Skill      XL: |  1  2  3  4  5  6  7  8  9 10 11 |
---------------+----------------------------------+-----
Conjurations   | 2 3 4 5 |  5.6
Summonings     | 2 3 4 5 |  5.6
Translocations | 2 3 4 5 |  5.6
Invocations    | 1 2 3 4 5 6 |  6.8
Fighting       | 1 2 3 4 5 6 |  6.2
Short Blades   | 1 2 3 4 5 6 |  6.2
Long Blades    | 1 2 3 4 5 6 |  6.2
Axes           | 1 2 3 4 5 6 |  6.2
Maces & Flails | 1 2 3 4 5 6 |  6.2
Polearms       | 1 2 3 4 5 6 |  6.2
Staves         | 1 2 3 4 5 6 |  6.2
Slings         | 1 2 3 4 5 6 |  6.2
Bows           | 1 2 3 4 5 6 |  6.2
Crossbows      | 1 2 3 4 5 6 |  6.2
Throwing       | 1 2 3 4 5 6 |  6.2
Armour         | 1 2 3 4 5 6 |  6.2
Shields        | 1 2 3 4 5 6 |  6.2
Unarmed Combat | 1 2 3 4 5 6 |  6.2
Evocations     | 1 2 3 4 5 6 |  6.2
Hexes          | 1 2 3 4 5 |  5.1
Necromancy     | 1 2 3 4 5 |  5.1
Transmutations | 1 2 3 4 5 |  5.1
Fire Magic     | 1 2 3 4 5 |  5.1
Ice Magic      | 1 2 3 4 5 |  5.1
Air Magic      | 1 2 3 4 5 |  5.1
Earth Magic    | 1 2 3 4 5 |  5.1
Poison Magic   | 1 2 3 4 5 |  5.1
Dodging        | 5 6 7 |  7.8
Stealth        | 5 6 7 |  7.6
Spellcasting   | 8 9 |  9.5

Action                   |  1- 3 |  4- 6 |  7- 9 | 10-12 || total
-------------------------+-------+-------+-------+-------++-------
Melee: Dagger            |    36 |    96 |       |   102 ||   234
       Bite              |     4 |    12 |    28 |    37 ||    81
       Morningstar       |       |    21 |    58 |       ||    79
       Dire flail        |       |       |   177 |   154 ||   331
       War axe           |       |       |       |     4 ||     4
       Punch             |       |       |       |     4 ||     4
Throw: Boomerang         |       |       |     5 |       ||     5
       Dart              |       |       |     2 |       ||     2
 Cast: Magic Dart        |    69 |   155 |   124 |   112 ||   460
       Mephitic Cloud    |       |    18 |    32 |    22 ||    72
       Blink             |       |     1 |     3 |     3 ||     7
  Use: Scroll            |       |       |     7 |     6 ||    13
 Stab: Sleeping          |     2 |     4 |     2 |     4 ||    12
       Confused          |       |     4 |    15 |    12 ||    31
Armor: Robe              |     9 |    13 |    11 |       ||    33
       Leather armour    |       |       |    46 |     3 ||    49
       Scale mail        |       |       |       |    91 ||    91
Dodge: Dodged            |    31 |    85 |   176 |   137 ||   429
Block: Buckler           |       |    37 |    23 |       ||    60
       Kite shield       |       |       |       |     3 ||     3

Table legend: (Time is in decaauts)
 A = Elapsed time spent in this place.
 B = Non-inter-level travel time spent in this place.
 C = Inter-level travel time spent in this place.
 D = Time resting spent in this place.
 E = Time spent auto-exploring this place.
 F = Levels seen in this place.
 G = Mean time per level.
                   A        B        C        D        E       F      G
               +--------+--------+--------+--------+--------+-----+--------+
         Total |  11886 |  11687 |    199 |   2714 |   4723 |  11 | 1080.5 |
       Dungeon |  11822 |  11623 |    199 |   2714 |   4697 |  10 | 1182.2 |
        Temple |     63 |     63 |      0 |      0 |     26 |   1 |   63.0 |
               +--------+--------+--------+--------+--------+-----+--------+

Top non-repeatable levels by time:
     D:4: 1825 daAuts
     D:3: 1810 daAuts
     D:9: 1564 daAuts
     D:2: 1433 daAuts
     D:1: 1114 daAuts
     D:8: 1036 daAuts
     D:5: 944 daAuts
     D:7: 936 daAuts
     D:6: 924 daAuts
    D:10: 230 daAuts
  Temple: 63 daAuts
